AoeStats
← 买买提

Nomad

510293948Analyzed
4v4 RM · 1d ago on Sep 30, 2026· 50m 2s· 8 players
Game mode
Random Map
Map size
231×231
Population
200
Speed
Normal
Resources
Standard
Victory
Conquest
Starting age
Dark Age
Ending age
Imperial Age
RankedLock teamsTeams togetherTeam positionsShared explorationLock speedFull tech treeHidden civsTurbo modeCheats
Victory
Defeat
🇸🇪 Bohemians · Sweden
1340
+12
🇨🇳 Huns · China
1305
+14
🇸🇪 Malians · Sweden
1267
+15
🇪🇸 Chinese · Spain
1161
+20
🇨🇳 Hindustanis · China
1390
-21
🇨🇳 Varangians · China
1304
-17
🇨🇳 Japanese · China
1177
-12
🇨🇳 Franks · China
1143
-11
买买提
3:32 Loom
14:55 Feudal Age
16:41 Town Watch
19:29 Castle Age
17:28 Double-Bit Axe
17:47 Fishing Lines
20:59 Bow Saw
24:33 Scale Mail Armor
30:03 Wheelbarrow
29:56 Horse Collar
33:08 Gold Mining
37:05 Imperial Age
36:54 Padded Archer Armor
37:52 Hand Cart
39:15 Chemistry
38:46 Heavy Plow
39:18 Conscription
44:18 Shatagni
47:08 Ballistics
斩三江过五湖
3:12 Loom
13:22 Feudal Age
18:14 Castle Age
16:26 Double-Bit Axe
17:18 Horse Collar
19:11 Bow Saw
20:00 Heavy Plow
27:56 Forging
29:21 Gold Mining
30:03 Husbandry
31:31 Wheelbarrow
30:42 Town Watch
33:59 Hand Cart
38:00 Imperial Age
35:50 Bloodlines
35:49 Scale Barding Armor
35:52 Stone Mining
37:25 Iron Casting
37:56 Chain Barding Armor
38:42 Stone Shaft Mining
37:44 Vendel Legacy
39:05 Conscription
39:49 Blast Furnace
40:32 Elite Jarl
小桃子
5:19 Loom
15:14 Feudal Age
15:54 Gold Mining
15:55 Double-Bit Axe
15:51 Horse Collar
19:23 Castle Age
18:26 Stone Mining
20:38 Bow Saw
21:21 Gold Shaft Mining
21:34 Medium Warships
23:43 Scale Mail Armor
23:54 Forging
24:43 Town Watch
25:34 Wheelbarrow
25:18 Heavy Plow
27:57 Gambesons
29:56 Hand Cart
30:14 Squires
30:01 Arson
32:25 Chain Mail Armor
32:33 Town Patrol
34:26 Iron Casting
33:52 Squires
38:41 Imperial Age
38:54 Fletching
39:06 Padded Archer Armor
39:53 Conscription
40:10 Hoardings
39:00 Elite Samurai
39:06 Crossbowman
39:52 Thumb Ring
41:53 Plate Mail Armor
41:31 Arbalester
43:36 Bodkin Arrow
Danniesberg
6:17 Loom
14:50 Feudal Age
15:32 Double-Bit Axe
19:53 Castle Age
19:16 Gold Mining
19:52 Scale Barding Armor
19:58 Forging
20:46 Husbandry
32:10 Wheelbarrow
36:32 Imperial Age
36:22 Chain Barding Armor
36:38 Cavalier
39:27 Conscription
41:39 Paladin
44:20 Iron Casting
43:50 Chivalry
44:32 Bow Saw
46:19 Blast Furnace
熙玄大帝
15:23 Feudal Age
16:08 Double-Bit Axe
17:06 Fishing Lines
20:06 Castle Age
21:40 Wheelbarrow
22:38 Bloodlines
22:28 Husbandry
23:06 Hand Cart
25:21 Gillnets
26:14 Scale Barding Armor
29:00 Forging
30:37 Horse Collar
31:31 Heavy Plow
32:04 Bow Saw
35:26 Imperial Age
34:50 Marauders
35:38 Iron Casting
35:23 Chain Barding Armor
36:55 Conscription
37:15 Iron Casting
37:16 Plate Barding Armor
37:31 Elite Tarkan
39:21 Blast Furnace
38:22 Loom
38:34 Gold Mining
40:37 Gold Shaft Mining
47:50 Cavalier
Jota
3:12 Loom
15:18 Feudal Age
19:03 Castle Age
17:10 Double-Bit Axe
20:20 Bow Saw
20:58 Fletching
22:17 Demolition Ship
23:12 Medium Warships
23:59 Bodkin Arrow
30:42 Fishing Lines
32:13 Wheelbarrow
31:48 Gillnets
34:32 Padded Archer Armor
36:42 Ballistics
37:02 Leather Archer Armor
37:48 Hand Cart
47:19 Imperial Age
44:56 Gold Mining
48:30 Stone Mining
johansoderstrom1
4:21 Loom
15:47 Feudal Age
19:53 Castle Age
18:07 Double-Bit Axe
21:32 Bow Saw
25:08 Scale Mail Armor
25:47 Squires
26:23 Fishing Lines
31:06 Chain Mail Armor
37:53 Imperial Age
36:33 Wheelbarrow
36:02 Gold Mining
36:19 Horse Collar
36:35 Arson
38:13 Hand Cart
38:19 Hand Cart
38:32 Gillnets
40:57 Chemistry
41:54 Plate Mail Armor
41:35 Forging
41:42 Elite Gbeto
43:00 Murder Holes
44:00 Conscription
43:53 Tigui
Peppe L-G
5:58 Loom
13:24 Feudal Age
13:47 Fishing Lines
13:58 Double-Bit Axe
16:46 Fletching
18:58 Wheelbarrow
22:32 Castle Age
23:29 Medium Warships
23:15 Bodkin Arrow
23:52 Gillnets
25:06 Bow Saw
24:45 Pikeman
25:26 Scale Mail Armor
25:54 Squires
28:26 Chain Mail Armor
29:10 Horse Collar
33:24 Hand Cart
32:55 Town Watch
34:44 Chemistry
34:25 Padded Archer Armor
35:57 Leather Archer Armor
45:44 Imperial Age
43:45 Ballistics
43:46 Heavy Plow
48:42 Bracer
49:54 Ring Archer Armor
49:35 Wagenburg Tactics
49:52 Conscription
Connection lost

Rejoining the realm…

Still unreachable

The connection could not be restored.

Session expired

The server has moved on; the page needs a fresh start.